 Dungeon Crawl Stone Soup version 0.22.1-5-g62c59d9 (webtiles) character file.

49126 Kairos the Basher (level 14, -8/74 HPs)
             Began as a Vine Stalker Fighter on Nov 6, 2018.
             Was a High Priest of Okawaru.
             Mangled by a tentacle (11 damage)
             ... attached to a kraken
             ... on level 1 of the Shoals on Jan 8, 2019.
             The game lasted 00:39:05 (14746 turns).

Kairos the Basher (Vine Stalker Fighter)           Turns: 14746, Time: 00:39:06

Health: -8/74      AC: 26    Str: 25    XL:     14   Next: 49%
Magic:  0/25       EV: 15    Int:  8    God:    Okawaru [*****.]
Gold:   1132       SH: 15    Dex: 15    Spells: 13/13 levels left

rFire    + . .     SeeInvis .   L - +6 eveningstar
rCold    . . .     Gourm    .   G - +1 shield {AC+3}
rNeg     . . .     Faith    .   y - +2 chain mail {rF+}
rPois    .         Spirit   +   c - +2 helmet of the Beekeeper {Dex+2}
rElec    .         Reflect  .   g - +1 cloak
rCorr    .         Harm     +   S - +1 pair of gloves
MR       +....                  (no boots)
Stlth    ..........             e - amulet of harm
HPRegen  1.02/turn              w - ring of magical power
MPRegen  0.19/turn              o - +1 ring of evasion

@: heroism
A: fangs 3, regeneration 2, magic shield, antimagic bite, no potion heal 3, rot
immunity
a: Heroism, Finesse, Renounce Religion


You were on level 1 of the Shoals.
You worshipped Okawaru.
Okawaru was extremely pleased with you.
You were hungry.

You visited 4 branches of the dungeon, and saw 16 of its levels.

You collected 1132 gold pieces.

Inventory:

Hand Weapons
 a - a +0 war axe
 u - a +1 flail of holy wrath
 F - a +1 demon trident of venom
 L - a +6 eveningstar (weapon)
Armour
 c - the +2 helmet of the Beekeeper (worn) {Dex+2}
   (Okawaru gifted it to you on level 6 of the Lair of Beasts)

   It affects your dexterity (+2).
 g - a +1 cloak (worn)
 y - a +2 chain mail of fire resistance (worn)
 G - a +1 shield of protection (worn)
 S - a +1 pair of gloves (worn)
Jewellery
 e - an amulet of harm (around neck)
 l - an uncursed ring of protection from cold
 o - a +1 ring of evasion (right hand)
 w - a ring of magical power (left hand)
 I - an uncursed ring of stealth
Wands
 j - a wand of digging (4)
 B - a wand of clouds (14)
 C - a wand of polymorph (15)
 H - a wand of flame (40)
 K - a wand of iceblast (5)
 N - a wand of acid (9)
 R - a wand of enslavement (20)
 U - a wand of random effects (18)
Scrolls
 h - 7 scrolls of remove curse
 i - 4 scrolls of blinking
 m - 4 scrolls of magic mapping
 n - 7 scrolls of fear
 p - 5 scrolls of teleportation
 q - 2 scrolls of enchant weapon
 r - a scroll of amnesia {unknown}
 z - a scroll of immolation {unknown}
 J - a scroll of summoning {unknown}
 M - 3 scrolls of enchant armour
 Q - a scroll of torment {unknown}
Potions
 b - a potion of berserk rage {unknown}
 d - a potion of might
 k - a potion of brilliance {unknown}
 s - a potion of resistance {unknown}
 t - 6 potions of curing
 v - 3 potions of flight
 x - 2 potions of agility
 A - a potion of invisibility {unknown}
 D - a potion of ambrosia {unknown}
 E - a potion of lignification {unknown}
 O - 2 potions of cancellation {unknown}
Miscellaneous
 P - a lightning rod (4/4)
 V - a fan of gales
Comestibles
 f - 28 rations


   Skills:
 + Level 8.9(13.9) Fighting
 + Level 11.5(18.5) Axes
 * Level 11.8(18.6) Maces & Flails
 + Level 2.0(12.7) Polearms
 + Level 7.8(12.8) Armour
 + Level 3.8(8.8) Dodging
 + Level 1.9(6.9) Stealth
 + Level 10.0(15.0) Shields
 + Level 2.0 Invocations
 + Level 0.7 Evocations


You had 13 spell levels left.
You didn't know any spells.
Your spell library contained the following spells:

 Spells                   Type           Power        Failure   Level  Hunger
 Confusing Touch          Hex            #.....       88%         1    ##.....
 Corona                   Hex            #......      88%         1    ##.....
 Magic Dart               Conj           #...         88%         1    ##.....
 Sting                    Conj/Pois      #...         88%         1    ##.....
 Blink                    Tloc           N/A          96%         2    ###....
 Call Imp                 Summ           #.......     96%         2    ###....
 Ensorcelled Hibernation  Hex/Ice        #.....       96%         2    ###....
 Poisonous Vapours        Pois/Air       #.....       96%         2    ###....
 Slow                     Hex            #.......     96%         2    ###....
 Confuse                  Hex            #.......     99%         3    ####...
 Conjure Flame            Conj/Fire      #.......     99%         3    ####...
 Dazzling Spray           Conj/Hex       #.....       99%         3    ####...
 Gell's Gravitas          Tloc           #.........   99%         3    ####...
 Mephitic Cloud           Conj/Pois/Air  #.......     99%         3    ####...
 Tukima's Dance           Hex            #.......     99%         3    ####...
 Cause Fear               Hex            #.........   100%        4    #####..
 Olgreb's Toxic Radiance  Pois           #.......     100%        4    #####..
 Petrify                  Tmut/Erth      #.......     100%        4    #####..
 Metabolic Englaciation   Hex/Ice        #.........   100%        5    ######.
 Silence                  Hex/Air        #.........   100%        5    ######.
 Venom Bolt               Conj/Pois      #.........   100%        5    ######.
 Yara's Violent Unravell  Hex/Tmut       #.........   100%        5    ######.
 Deflect Missiles         Chrm/Air       #.........   100%        6    #######
 Discord                  Hex            #.........   100%        8    #######


Dungeon Overview and Level Annotations

Branches:
Dungeon (8/15)             Temple (1/1) D:7            Lair (6/6) D:8
 Shoals (1/4) Lair:3       Spider (0/4) Lair:4        Slime (0/5) Lair:6

Altars:
Ashenzari
Dithmenos
Elyvilon
Fedhas
Gozag
Hepliaklqana
Kikubaaqudgha
Makhleb
Okawaru
Qazlal
Ru
Sif Muna
Trog
Vehumet
Yredelemnul
Zin
The Shining One
Jiyva


Innate Abilities, Weirdness & Mutations

You have razor-sharp teeth.
You heal very quickly.
When hurt, damage is shared between your health and your magic reserves.
Your bite disrupts and absorbs the magic of your enemies.
Potions cannot restore your health.
You are immune to rotting.


Message History

The tentacle slaps you but does no damage.
The tentacle slaps you!
* * * LOW HITPOINT WARNING * * *
The tentacle slaps you but does no damage.
A tentacle segment bursts forth from the water. x2
Unknown command.
You impale the tentacle!!
You kill the tentacle!
You block the tentacle's attack. You block the centaur's attack.
The tentacle barely misses you.
A tentacle segment bursts forth from the water. x2
The tentacle slaps you!
* * * LOW HITPOINT WARNING * * *
Unknown command.
You sock the centaur! You bite the centaur, but do no damage.
The centaur is heavily wounded.
The tentacle slaps you!
* * * LOW HITPOINT WARNING * * *
You block the centaur's attack. The tentacle slaps you!
You die...

...≈≈≈≈≈≈≈≈≈≈≈≈≈.....≈≈≈≈≈≈≈
....≈≈≈≈≈≈≈(≈≈≈≈≈...≈≈≈≈≈≈≈≈
.###≈≈≈≈≈≈≈≈≈≈≈≈≈≈≈≈≈≈≈≈≈≈≈≈
.# #<≈≈≈≈≈≈≈≈≈≈≈≈..≈≈≈≈≈≈≈≈≈
.###≈≈≈≈≈≈≈≈≈≈≈....≈≈≈≈≈≈≈≈≈
..≈≈≈≈≈≈≈≈≈≈≈≈...c..≈≈≈≈≈..≈
≈..≈≈≈≈≈≈≈≈≈≈≈.(..((c.......
≈≈≈≈≈≈≈≈≈≈≈≈.≈.c###.(....#..
≈≈≈≈≈≈≈≈≈≈≈≈....@###........
≈≈≈≈≈≈≈≈≈≈≈≈...w(w..≈≈≈..≈≈≈
≈≈≈≈≈≈≈≈≈≈≈≈≈≈≈≈≈..≈≈≈≈.≈≈≈≈
≈≈≈≈≈≈≈≈≈≈≈≈≈≈≈≈≈≈≈≈..≈≈c≈≈≈
≈≈≈≈≈≈≈≈≈≈≈≈≈≈≈≈≈≈≈≈≈..≈≈≈≈≈
≈≈.≈≈≈≈≈≈≈≈≈≈≈≈≈≈≈≈≈≈≈≈≈≈≈≈≈
≈≈≈≈≈≈≈≈≈≈≈.≈≈≈≈≈≈≈≈≈
≈≈≈≈≈≈X≈≈≈≈≈≈≈≈≈≈


You could see a kraken, 2 tentacles and a centaur.

Vanquished Creatures
  Gastronok (Lair:1)
  Josephine (Lair:5)
  Fannar (Lair:1)
  6 hydras
  2 catoblepae
  Erica (D:8)
  A two-headed ogre (D:8)
  A death yak (Lair:4)
  Urug (Lair:1)
  8 elephants
  Joseph (D:7)
  A water nymph (Shoals:1)
  Psyche (D:8)
  25 spiny frogs
  2 black mambas
  7 komodo dragons
  2 rime drakes
  A merfolk (Shoals:1)
  A polar bear (Lair:6)
  5 tyrant leeches (Lair:6)
  Prince Ribbit (D:7)
  27 blink frogs
  5 dream sheep (Lair:4)
  A snapping turtle (Shoals:1)
  5 hippogriffs
  4 wraiths (Lair:5)
  2 hogs (D:7)
  3 wyverns
  A basilisk (Lair:6)
  23 yaks
  A human (D:7)
  6 vampire mosquitoes (Lair:6)
  Menkaure (D:7)
  12 porcupines
  8 water moccasins
  2 black bears (D:6)
  3 sky beasts
  A phantom (D:7)
  2 orc warriors
  A necrophage (D:6)
  3 ogres
  28 wolves
  5 centaurs
  20 crocodiles
  19 bullfrogs
  A wyvern zombie (D:6)
  3 scorpions
  5 killer bees (D:8)
  3 howler monkeys (D:8)
  3 wights (D:8)
  A crimson imp (D:6)
  2 jellies
  2 hounds
  3 bullfrog skeletons
  7 orc priests
  A centaur skeleton (D:8)
  4 iguanas
  11 orc wizards
  9 worker ants
  2 worker ant zombies
  11 gnolls
  17 adders
  A shadow imp (D:6)
  An ooze (D:2)
  An adder zombie (D:7)
  2 adder skeletons (D:7)
  2 worms
  A dart slug (D:1)
  9 leopard geckos
  27 orcs
  6 giant cockroaches
  7 goblins
  4 hobgoblins
  21 jackals
  6 quokkas
  7 bats
  5 frilled lizards
  A giant cockroach zombie (D:5)
  A jackal skeleton (D:4)
  7 kobolds
  A quokka skeleton (D:6)
  9 rats
  A fungus (Lair:6)
  2 tentacles (Shoals:1)
460 creatures vanquished.

Vanquished Creatures (others)
  A bush (Lair:6)
  38 fungi
  79 plants
  2 tentacles (Shoals:1)
120 creatures vanquished.

Grand Total: 580 creatures vanquished

Notes
Turn   | Place    | Note
-------+----------+-------------------------------------------
     0 | D:1      | Kairos the Vine Stalker Fighter began the quest for the
                  | Orb.
     0 | D:1      | Reached XP level 1. HP: 11/11 MP: 2/2
   164 | D:1      | Reached XP level 2. HP: 16/16 MP: 3/3
   318 | D:1      | Reached XP level 3. HP: 9/20 MP: 2/4
   801 | D:2      | Gained mutation: Your natural rate of healing is unusually
                  | fast. [Vine Stalker growth]
   801 | D:2      | Reached XP level 4. HP: 24/24 MP: 1/5
   818 | D:2      | Found a radiant altar of Vehumet.
  1212 | D:3      | Reached skill level 1 in Dodging
  1429 | D:3      | Reached XP level 5. HP: 28/28 MP: 6/6
  2556 | D:4      | HP: 1/28 [something (2)]
  2560 | D:4      | Reached XP level 6. HP: 1/32 MP: 1/7
  3125 | D:4      | Found an ancient bone altar of Kikubaaqudgha.
  3177 | D:5      | Entered Level 5 of the Dungeon
  3185 | D:5      | Reached XP level 7. HP: 36/36 MP: 8/8
  3416 | D:5      | Reached skill level 5 in Axes
  3492 | D:5      | Found a shadowy altar of Dithmenos.
  3858 | D:6      | Gained mutation: You have razor-sharp teeth. [Vine Stalker
                  | growth]
  3858 | D:6      | Reached XP level 8. HP: 27/42 MP: 9/9
  3938 | D:6      | Found a stormy altar of Qazlal.
  4387 | D:6      | Reached skill level 5 in Shields
  4931 | D:7      | Noticed Prince Ribbit
  4945 | D:7      | Reached XP level 9. HP: 46/46 MP: 10/10
  4959 | D:7      | Killed Prince Ribbit
  5049 | D:7      | Reached skill level 5 in Fighting
  5061 | D:7      | Found a white marble altar of Elyvilon.
  5145 | D:7      | Noticed Menkaure
  5148 | D:7      | Killed Menkaure
  5148 | D:7      | Reached skill level 5 in Armour
  5245 | D:7      | Noticed Joseph
  5265 | D:7      | Killed Joseph
  5271 | D:7      | HP: 1/47 [orc priest/divine providence (9)]
  5548 | D:7      | Reached XP level 10. HP: 51/51 MP: 11/11
  5567 | D:7      | Found a staircase to the Ecumenical Temple.
  5765 | Temple   | Entered the Ecumenical Temple
  6138 | Temple   | Became a worshipper of Warmaster Okawaru
  6515 | D:8      | Noticed Erica
  6531 | D:8      | Killed Erica
  6531 | D:8      | Reached skill level 1 in Stealth
  6546 | D:8      | Found a staircase to the Lair.
  6575 | D:8      | Reached * piety under Okawaru
  6802 | D:8      | Found a shadowy altar of Dithmenos.
  7077 | D:8      | Found a burning altar of Makhleb.
  7286 | D:8      | Reached skill level 10 in Axes
  7300 | D:8      | Reached ** piety under Okawaru
  7317 | D:8      | Noticed a two-headed ogre
  7325 | D:8      | Killed a two-headed ogre
  7325 | D:8      | Reached skill level 1 in Polearms
  7325 | D:8      | Reached XP level 11. HP: 46/58 MP: 12/12
  7548 | D:8      | Reached *** piety under Okawaru
  7667 | D:8      | Noticed Psyche
  7676 | D:8      | Killed Psyche
  7908 | Lair:1   | Entered Level 1 of the Lair of Beasts
  8115 | Lair:1   | Noticed Urug
  8279 | Lair:1   | Noticed Gastronok
  8308 | Lair:1   | Killed Gastronok
  8308 | Lair:1   | Reached **** piety under Okawaru
  8518 | Lair:1   | Noticed Fannar
  8547 | Lair:1   | Killed Fannar
  8643 | Lair:1   | Gained mutation: You heal very quickly. [Vine Stalker
                  | growth]
  8643 | Lair:1   | Reached XP level 12. HP: 42/63 MP: 13/13
  8881 | Lair:1   | Killed Urug
  9264 | Lair:2   | Reached ***** piety under Okawaru
  9543 | Lair:2   | Reached skill level 1 in Maces & Flails
  9651 | Lair:2   | Found an iron altar of Okawaru.
 10051 | Lair:3   | You fall through a shaft for 3 floors!
 10051 | Lair:6   | Entered Level 6 of the Lair of Beasts
 10157 | Lair:6   | Noticed a catoblepas
 10180 | Lair:6   | Killed a catoblepas
 10180 | Lair:6   | Reached skill level 1 in Invocations
 10217 | Lair:6   | Received a gift from Okawaru
 10218 | Lair:6   | Got a transparent helmet {god gift}
 10229 | Lair:6   | Identified the +2 helmet of the Beekeeper {Dex+2} (Okawaru
                  | gifted it to you on level 6 of the Lair of Beasts)
 10352 | Lair:6   | Noticed a five-headed hydra
 10447 | Lair:6   | Killed a five-headed hydra
 10447 | Lair:6   | Reached skill level 5 in Maces & Flails
 10787 | Lair:5   | Noticed a catoblepas
 10814 | Lair:4   | Reached XP level 13. HP: 68/68 MP: 15/15
 11281 | Lair:3   | Found a staircase to the Shoals.
 12041 | Lair:4   | Found a hole to the Spider Nest.
 12419 | Lair:4   | Received a gift from Okawaru
 12981 | Lair:5   | Reached skill level 10 in Maces & Flails
 13068 | Lair:5   | Noticed Josephine
 13077 | Lair:5   | Killed Josephine
 13290 | Lair:6   | Reached XP level 14. HP: 68/74 MP: 16/16
 13720 | Lair:6   | Found a viscous altar of Jiyva.
 13721 | Lair:6   | Found a staircase to the Slime Pits.
 13830 | Lair:6   | Reached ****** piety under Okawaru
 13830 | Lair:6   | Reached skill level 10 in Shields
 14091 | Lair:6   | Received a gift from Okawaru
 14381 | Lair:6   | Upgraded the game from 0.22.1-1-ga44c0e5 to
                  | 0.22.1-5-g62c59d9
 14481 | Shoals:1 | Entered Level 1 of the Shoals
 14716 | Shoals:1 | Noticed a kraken
 14746 | Shoals:1 | HP: 3/74 [tentacle[a kraken] (9)]
 14746 | Shoals:1 | Mangled by a tentacle

Skill      XL: |  1  2  3  4  5  6  7  8  9 10 11 12 13 14 |
---------------+-------------------------------------------+-----
Axes           | 2 3 4 5 7 8 10 11 | 11.5
Fighting       | 3 4 5 6 7 8 |  8.9
Shields        | 3 4 5 7 8 9 10 | 10.0
Dodging        | 1 2 3 |  3.8
Armour         | 3 4 5 6 7 |  7.8
Stealth        | 1 |  1.9
Polearms       | 1 2 |  2.0
Maces & Flails | 6 10 11 | 11.8
Invocations    | 1 2 |  2.0
Evocations     | |  0.7

Action                   |  1- 3 |  4- 6 |  7- 9 | 10-12 | 13-15 || total
-------------------------+-------+-------+-------+-------+-------++-------
Melee: War axe           |    94 |   183 |   296 |   451 |       ||  1024
       Bite              |    17 |    37 |   100 |   244 |   219 ||   617
       Demon trident     |       |       |       |    30 |       ||    30
       Eveningstar       |       |       |       |   231 |   560 ||   791
Invok: Heroism           |       |       |       |    19 |    15 ||    34
Evoke: Wand              |       |     1 |       |     6 |       ||     7
  Use: Scroll            |       |     4 |     5 |     2 |     7 ||    18
       Potion            |       |       |     1 |       |       ||     1
 Stab: Petrifying        |       |       |       |     1 |       ||     1
  Eat: Chunk             |       |     7 |     8 |    12 |    13 ||    40
       Ration            |       |       |       |     2 |       ||     2
Armor: Scale mail        |    68 |    74 |    58 |       |       ||   200
       Chain mail        |       |       |    91 |   259 |   238 ||   588
Dodge: Dodged            |    44 |    70 |   100 |   221 |   184 ||   619
Block: Shield            |    66 |    95 |   169 |   427 |   375 ||  1132
